TOP OF THE 1ST |
Auburn Doubledays batting - Pitching for Tri-City Dust Devils : LHP Juan Perez
|
Pitching: LHP Juan Perez
|
|
Batting: LHB Bobby Adams
|
0-0: SINGLE (Line Drive, 89M, EV 107.5 MPH)
|
Batting: RHB Jesus Malave
|
0-0: Swinging Strike 0-1: Ball 1-1: Ball 2-1: Fielders Choice at 2nd, 4-6 (Groundball, 4, EV 108.1 MPH)
|
Batting: RHB Deshawn Boseman
|
0-0: Ball 1-0: Called Strike 1-1: Ball 2-1: Ball 3-1: Foul Ball, location: 2F 3-2: Base on Balls Jesus Malave to second
|
Batting: RHB Jelexiz Cuenca
|
0-0: DOUBLE (Line Drive, 89D, EV 105.6 MPH) Jesus Malave scores Deshawn Boseman to third
|
Batting: LHB Elias Posada
|
0-0: Ball 1-0: Ball 2-0: Ball 3-0: Called Strike 3-1: Called Strike 3-2: Base on Balls
|
Batting: LHB Adam Jacobs
|
0-0: Foul Ball, location: 2F 0-1: Ball 1-1: SINGLE (Groundball, 34D, EV 109.4 MPH) Deshawn Boseman scores Jelexiz Cuenca to third Elias Posada to second
|
Batting: LHB Adam Lancaster
|
0-0: Called Strike 0-1: Ball 1-1: Swinging Strike 1-2: Ball 2-2: Foul Ball, location: 2F 2-2: Strikes out swinging
|
Batting: LHB Jim Weidman
|
0-0: Ball 1-0: Ground out 4-3 (Groundball, 4, EV 81.9 MPH)
|
Top of the 1st over - 2 runs, 3 hits, 0 errors, 3 left on base; Auburn 2 - Tri-City 0 |
BOTTOM OF THE 1ST |
Tri-City Dust Devils batting - Pitching for Auburn Doubledays : RHP Chris Mosley
|
Pitching: RHP Chris Mosley
|
|
Batting: RHB Adrian Cook
|
0-0: Fly out, F8 (Flyball, 8RD, EV 103.8 MPH)
|
Batting: LHB Tony Contreras
|
0-0: Called Strike 0-1: Swinging Strike 0-2: Ball 1-2: Strikes out swinging
|
Batting: RHB Eric McMillian
|
0-0: Swinging Strike 0-1: Called Strike 0-2: Foul Ball, location: 2F 0-2: Ground out 6-3 (Groundball, 6, EV 81.2 MPH)
|
Bottom of the 1st over - 0 runs, 0 hits, 0 errors, 0 left on base; Auburn 2 - Tri-City 0 |
TOP OF THE 2ND |
Auburn Doubledays batting - Pitching for Tri-City Dust Devils : LHP Juan Perez
|
Batting: RHB Sentos Alatas
|
0-0: Ball 1-0: TRIPLE (Flyball, 89XD, EV 105.0 MPH)
|
Batting: LHB Bobby Adams
|
0-0: Swinging Strike 0-1: Called Strike 0-2: Ball 1-2: DOUBLE (Groundball, 5L, EV 106.2 MPH) Sentos Alatas scores
|
Batting: RHB Jesus Malave
|
0-0: Fly out, F9 (Flyball, 89D, EV 105.6 MPH) Runner from 2nd tags up, SAFE at 3rd, no throw by RF
|
Batting: RHB Deshawn Boseman
|
0-0: Ball 1-0: DOUBLE (Flyball, 89XD, EV 100.0 MPH) Bobby Adams scores
|
Batting: RHB Jelexiz Cuenca
|
0-0: Ball 1-0: Foul Ball, location: 2F 1-1: Foul Ball, location: 2F 1-2: Strikes out looking
|
Batting: LHB Elias Posada
|
0-0: Ball 1-0: Ball 2-0: Called Strike 2-1: Foul Ball, location: 2F 2-2: Ball 3-2: Strikes out looking
|
Top of the 2nd over - 2 runs, 3 hits, 0 errors, 1 left on base; Auburn 4 - Tri-City 0 |
BOTTOM OF THE 2ND |
Tri-City Dust Devils batting - Pitching for Auburn Doubledays : RHP Chris Mosley
|
Batting: RHB Mike MacLeod
|
0-0: Called Strike 0-1: Swinging Strike 0-2: Strikes out swinging
|
Batting: LHB Javy Portela
|
0-0: Ball 1-0: Ground out U3 (Groundball, 34, EV 82.5 MPH)
|
Batting: LHB Ruben Rocha
|
0-0: Ball 1-0: Swinging Strike 1-1: Ball 2-1: Ball 3-1: Called Strike 3-2: Foul Ball, location: 2F 3-2: Strikes out swinging
|
Bottom of the 2nd over - 0 runs, 0 hits, 0 errors, 0 left on base; Auburn 4 - Tri-City 0 |
TOP OF THE 3RD |
Auburn Doubledays batting - Pitching for Tri-City Dust Devils : LHP Juan Perez
|
Batting: LHB Adam Jacobs
|
0-0: Called Strike 0-1: Ball 1-1: Ball 2-1: Fly out, F8 (Line Drive, 8RD, EV 95.6 MPH)
|
Batting: LHB Adam Lancaster
|
0-0: Called Strike 0-1: Called Strike 0-2: Foul Ball, location: 2F 0-2: SINGLE (Groundball, 4MD, EV 98.1 MPH)
|
Batting: LHB Jim Weidman
|
0-0: Swinging Strike 0-1: Called Strike 0-2: Strikes out swinging
|
Batting: RHB Sentos Alatas
|
0-0: Fly out, F9 (Flyball, 9, EV 85.0 MPH)
|
Top of the 3rd over - 0 runs, 1 hit, 0 errors, 1 left on base; Auburn 4 - Tri-City 0 |
BOTTOM OF THE 3RD |
Tri-City Dust Devils batting - Pitching for Auburn Doubledays : RHP Chris Mosley
|
Batting: RHB Ricardo Ortiz
|
0-0: Swinging Strike 0-1: Foul Ball, location: 2F 0-2: Foul Ball, location: 2F 0-2: Foul Ball, location: 2F 0-2: Ball 1-2: Ball 2-2: Strikes out swinging
|
Batting: RHB Max Stillo
|
0-0: Ball 1-0: Ball 2-0: Ball 3-0: Called Strike 3-1: Ground out 6-3 (Groundball, 6, EV 100.6 MPH)
|
Batting: RHB Brian Klinkner
|
0-0: Ball 1-0: Ball 2-0: Called Strike 2-1: Foul Ball, location: 2F 2-2: Ball 3-2: Foul Ball, location: 2F 3-2: Strikes out swinging
|
Bottom of the 3rd over - 0 runs, 0 hits, 0 errors, 0 left on base; Auburn 4 - Tri-City 0 |
TOP OF THE 4TH |
Auburn Doubledays batting - Pitching for Tri-City Dust Devils : LHP Juan Perez
|
Batting: LHB Bobby Adams
|
0-0: Fly out, F8 (Line Drive, 8LM, EV 84.4 MPH)
|
Batting: RHB Jesus Malave
|
0-0: Ball 1-0: Ball 2-0: Ball 3-0: Base on Balls
|
Batting: RHB Deshawn Boseman
|
0-0: Called Strike 0-1: Swinging Strike 0-2: Ball 1-2: Ball 2-2: Foul Ball, location: 2F 2-2: Ball 3-2: Base on Balls Jesus Malave to second
|
Batting: RHB Jelexiz Cuenca
|
0-0: Ball 1-0: Ball 2-0: Foul Ball, location: 2F Balk! Jesus Malave to third Deshawn Boseman to second 2-1: Fly out, F9 (Flyball, 89S, EV 92.5 MPH)
|
Batting: LHB Elias Posada
|
0-0: Swinging Strike 0-1: Swinging Strike 0-2: Foul Ball, location: 2F 0-2: Ground out 4-3 (Groundball, 4, EV 85.0 MPH)
|
Top of the 4th over - 0 runs, 0 hits, 0 errors, 2 left on base; Auburn 4 - Tri-City 0 |
BOTTOM OF THE 4TH |
Tri-City Dust Devils batting - Pitching for Auburn Doubledays : RHP Chris Mosley
|
Batting: RHB Adrian Cook
|
0-0: Called Strike 0-1: Ground out 6-3 (Groundball, 6, EV 83.1 MPH)
|
Batting: LHB Tony Contreras
|
0-0: Swinging Strike 0-1: Ball 1-1: TRIPLE (Flyball, 89XD, EV 104.4 MPH)
|
Batting: RHB Eric McMillian
|
0-0: DOUBLE (Line Drive, 89M, EV 98.8 MPH) Tony Contreras scores
|
Batting: RHB Mike MacLeod
|
0-0: Ball 1-0: SINGLE (Flyball, 78S, EV 90.0 MPH) Eric McMillian to third
|
Batting: LHB Javy Portela
|
0-0: Swinging Strike 0-1: Ball 1-1: Ball 2-1: Fly out, F7 (Line Drive, 7S, EV 103.8 MPH) Runner from 3rd tags up, SCORES, throw by LF
|
Batting: LHB Ruben Rocha
|
0-0: Ball 1-0: Ground out 4-3 (Groundball, 4S, EV 76.2 MPH)
|
Bottom of the 4th over - 2 runs, 3 hits, 0 errors, 1 left on base; Auburn 4 - Tri-City 2 |
TOP OF THE 5TH |
Auburn Doubledays batting - Pitching for Tri-City Dust Devils : LHP Juan Perez
|
Batting: LHB Adam Jacobs
|
0-0: Swinging Strike 0-1: Called Strike 0-2: Ball 1-2: Foul Ball, location: 2F 1-2: Strikes out swinging
|
Batting: LHB Adam Lancaster
|
0-0: Called Strike 0-1: Foul Ball, location: 2F 0-2: Ball 1-2: SINGLE (Line Drive, 6MD, EV 98.1 MPH)
|
Batting: LHB Jim Weidman
|
0-0: Foul Ball, location: 2F 0-1: Grounds into double play, 6-4-3 (Groundball, 6, EV 88.1 MPH)
|
Top of the 5th over - 0 runs, 1 hit, 0 errors, 0 left on base; Auburn 4 - Tri-City 2 |
BOTTOM OF THE 5TH |
Tri-City Dust Devils batting - Pitching for Auburn Doubledays : RHP Chris Mosley
|
Batting: RHB Ricardo Ortiz
|
0-0: Ground out 4-3 (Groundball, 4, EV 105.6 MPH)
|
Batting: RHB Max Stillo
|
0-0: Fly out, F2 (Popup, 23F, EV 81.9 MPH)
|
Batting: RHB Brian Klinkner
|
0-0: Called Strike 0-1: Ball 1-1: Ground out 3-1 (Groundball, 34S, EV 87.5 MPH)
|
Bottom of the 5th over - 0 runs, 0 hits, 0 errors, 0 left on base; Auburn 4 - Tri-City 2 |
TOP OF THE 6TH |
Auburn Doubledays batting - Pitching for Tri-City Dust Devils : LHP Juan Perez
|
Batting: RHB Sentos Alatas
|
0-0: Ball 1-0: Ball 2-0: Called Strike 2-1: Fly out, F4 (Popup, 4M, EV 71.9 MPH)
|
Pitching: RHP Jamie Bostic
|
|
Batting: LHB Bobby Adams
|
0-0: Swinging Strike 0-1: Ball 1-1: Ball 2-1: Ball 3-1: Called Strike 3-2: Foul Ball, location: 2F 3-2: Foul Ball, location: 2F 3-2: Fly out, F9 (Flyball, 9LD, EV 103.8 MPH)
|
Batting: RHB Jesus Malave
|
0-0: Called Strike 0-1: Fly out, F9 (Flyball, 9, EV 90.6 MPH)
|
Top of the 6th over - 0 runs, 0 hits, 0 errors, 0 left on base; Auburn 4 - Tri-City 2 |
BOTTOM OF THE 6TH |
Tri-City Dust Devils batting - Pitching for Auburn Doubledays : RHP Chris Mosley
|
Batting: RHB Adrian Cook
|
0-0: Called Strike 0-1: Ball 1-1: Foul Ball, location: 2F 1-2: Ball 2-2: Ball 3-2: Foul Ball, location: 2F 3-2: Ground out 4-3 (Groundball, 4, EV 80.0 MPH)
|
Batting: LHB Tony Contreras
|
0-0: Ball 1-0: Called Strike 1-1: Ball 2-1: Called Strike 2-2: Foul Ball, location: 2F 2-2: Ball 3-2: Foul Ball, location: 2F 3-2: Foul Ball, location: 2F 3-2: Base on Balls
|
Batting: RHB Eric McMillian
|
0-0: Called Strike 0-1: Fly out, F7 (Flyball, 7LS, EV 82.5 MPH) Lined into DP, 7-3 (Flyball, 7LS, EV 82.5 MPH)
|
Bottom of the 6th over - 0 runs, 0 hits, 0 errors, 0 left on base; Auburn 4 - Tri-City 2 |
TOP OF THE 7TH |
Auburn Doubledays batting - Pitching for Tri-City Dust Devils : RHP Jamie Bostic
|
Batting: RHB Deshawn Boseman
|
0-0: Swinging Strike 0-1: Swinging Strike 0-2: Ball 1-2: Ball 2-2: Strikes out swinging
|
Batting: RHB Jelexiz Cuenca
|
0-0: Called Strike 0-1: Ball 1-1: Ball 2-1: Ball 3-1: Base on Balls
|
Batting: LHB Elias Posada
|
0-0: Swinging Strike 0-1: Called Strike 0-2: Strikes out swinging
|
Batting: LHB Adam Jacobs
|
0-0: Fly out, F7 (Line Drive, 7, EV 95.6 MPH)
|
Top of the 7th over - 0 runs, 0 hits, 0 errors, 1 left on base; Auburn 4 - Tri-City 2 |
BOTTOM OF THE 7TH |
Tri-City Dust Devils batting - Pitching for Auburn Doubledays : RHP Chris Mosley
|
Batting: RHB Mike MacLeod
|
0-0: Ball 1-0: Called Strike 1-1: Foul Ball, location: 2F 1-2: Ball 2-2: Fly out, F8 (Flyball, 8LM, EV 96.2 MPH)
|
Pitching: RHP Bastien Perrini
|
|
Batting: LHB Javy Portela
|
0-0: Ball 1-0: Ball 2-0: Foul Ball, location: 2F 2-1: Fly out, F7 (Flyball, 7D, EV 87.5 MPH)
|
Batting: LHB Ruben Rocha
|
0-0: Ball 1-0: Foul Ball, location: 2F 1-1: DOUBLE (Flyball, 89D, EV 112.5 MPH)
|
Batting: RHB Ricardo Ortiz
|
0-0: Ball 1-0: Ball 2-0: Called Strike 2-1: Ground out 1-3 (Groundball, 13, EV 66.9 MPH)
|
Bottom of the 7th over - 0 runs, 1 hit, 0 errors, 1 left on base; Auburn 4 - Tri-City 2 |
TOP OF THE 8TH |
Auburn Doubledays batting - Pitching for Tri-City Dust Devils : RHP Jamie Bostic
|
Batting: LHB Adam Lancaster
|
0-0: Ball 1-0: Ball 2-0: Called Strike 2-1: Swinging Strike 2-2: Ball 3-2: Base on Balls
|
Batting: LHB Jim Weidman
|
0-0: Called Strike 0-1: Ball 1-1: Ball 2-1: Ball 3-1: Base on Balls Adam Lancaster to second
|
Batting: RHB Sentos Alatas
|
0-0: Ball 1-0: Called Strike 1-1: Swinging Strike 1-2: Ball 2-2: Strikes out swinging
|
Pitching: LHP Danny Kessel
|
|
Batting: LHB Bobby Adams
|
0-0: Fly out, F8 (Flyball, 8LM, EV 71.9 MPH)
|
Batting: RHB Jesus Malave
|
0-0: Ball 1-0: Ball 2-0: Called Strike 2-1: Foul Ball, location: 2F 2-2: Foul Ball, location: 2F 2-2: Foul Ball, location: 2F 2-2: DOUBLE (Groundball, 5L, EV 104.4 MPH) Adam Lancaster scores Jim Weidman to third Runner from 3rd tries for Home, throw by LF and OUT! 7-6-2
|
Top of the 8th over - 1 run, 1 hit, 0 errors, 1 left on base; Auburn 5 - Tri-City 2 |
BOTTOM OF THE 8TH |
Tri-City Dust Devils batting - Pitching for Auburn Doubledays : RHP Bastien Perrini
|
Batting: RHB Max Stillo
|
0-0: Foul Ball, location: 2F 0-1: Ball 1-1: Swinging Strike 1-2: Ball 2-2: Ground out 5-3 (Groundball, 56, EV 80.6 MPH)
|
Batting: RHB Brian Klinkner
|
0-0: Called Strike 0-1: Swinging Strike 0-2: Strikes out looking
|
Batting: RHB Adrian Cook
|
0-0: Called Strike 0-1: Swinging Strike 0-2: Ball 1-2: Ball 2-2: Strikes out looking
|
Bottom of the 8th over - 0 runs, 0 hits, 0 errors, 0 left on base; Auburn 5 - Tri-City 2 |
TOP OF THE 9TH |
Auburn Doubledays batting - Pitching for Tri-City Dust Devils : LHP Danny Kessel
|
Batting: RHB Deshawn Boseman
|
0-0: Fly out, F8 (Flyball, 89M, EV 90.6 MPH)
|
Batting: RHB Jelexiz Cuenca
|
0-0: Ball 1-0: Ball 2-0: Foul Ball, location: 2F 2-1: Foul Ball, location: 2F 2-2: SINGLE (Line Drive, 8RS, EV 106.9 MPH)
|
Batting: LHB Elias Posada
|
0-0: SINGLE (Line Drive, 4MD, EV 102.5 MPH) Jelexiz Cuenca to second
|
Pinch Hitting: RHB Bryan Wheeler
|
0-0: Foul Ball, location: 2F 0-1: Ball 1-1: Ball 2-1: Ball 3-1: Base on Balls Jelexiz Cuenca to third Elias Posada to second
|
Batting: LHB Adam Lancaster
|
0-0: Ball 1-0: Ball 2-0: Grounds into fielders choice 3-2 (Groundball, 3S, EV 61.2 MPH) Elias Posada to third Bryan Wheeler to second
|
Batting: LHB Jim Weidman
|
0-0: Called Strike 0-1: Ball 1-1: Called Strike 1-2: Ball 2-2: Ball 3-2: Base on Balls Elias Posada scores Bryan Wheeler to third Adam Lancaster to second
|
Batting: RHB Sentos Alatas
|
0-0: Ball 1-0: Called Strike 1-1: DOUBLE (Groundball, 5L, EV 110.0 MPH) Bryan Wheeler scores Adam Lancaster scores Jim Weidman to third
|
Pitching: RHP Josh Thorne
|
|
Batting: LHB Bobby Adams
|
0-0: Called Strike 0-1: Foul Ball, location: 2F 0-2: Strikes out swinging
|
Top of the 9th over - 3 runs, 3 hits, 0 errors, 2 left on base; Auburn 8 - Tri-City 2 |
BOTTOM OF THE 9TH |
Tri-City Dust Devils batting - Pitching for Auburn Doubledays : RHP Bastien Perrini
|
Now at 3B: Joe Young
|
|
Batting: LHB Tony Contreras
|
0-0: SOLO HOME RUN (Flyball, 89XD, EV 100.0 MPH), Distance : 382 ft
|
Batting: RHB Eric McMillian
|
0-0: Ball 1-0: Called Strike 1-1: Foul Ball, location: 2F 1-2: Strikes out swinging
|
Batting: RHB Mike MacLeod
|
0-0: Fly out, F9 (Flyball, 89M, EV 80.6 MPH)
|
Batting: LHB Javy Portela
|
0-0: Ball 1-0: Foul Ball, location: 2F 1-1: Ball 2-1: Ball 3-1: Base on Balls
|
Pitching: RHP Gareth Cutts
|
|
Batting: LHB Ruben Rocha
|
0-0: Ball 1-0: Ball 2-0: Ball Passed Ball! Javy Portela to second 3-0: Base on Balls
|
Batting: RHB Ricardo Ortiz
|
0-0: Swinging Strike 0-1: Swinging Strike 0-2: Strikes out swinging
|
Bottom of the 9th over - 1 run, 1 hit, 0 errors, 2 left on base; Auburn 8 - Tri-City 3 |
|